AoeStats
← zamithdaniel

Black Forest

509425118Analyzed
2v2 RM · 6d ago on Sep 26, 2026· 41m 3s· 4 players
Game mode
Random Map
Map size
Medium (4 player)
Population
200
Speed
Normal
Resources
Standard
Victory
Conquest
Starting age
Dark Age
Ending age
Imperial Age
RankedLock teamsTeams togetherTeam positionsShared explorationLock speedFull tech treeHidden civsTurbo modeCheats
Victory
Defeat
🇨🇴 Turks · Colombia
972
+14
🇨🇴 Britons · Colombia
906
+17
🇦🇷 Varangians · Argentina
933
-16
🇨🇳 Danes · China
909
-15
83716497273
Santiago50490
0:41 Loom
13:19 Feudal Age
15:25 Wheelbarrow
14:37 Double-Bit Axe
19:50 Castle Age
18:33 Horse Collar
20:23 Forging
20:04 Fletching
20:14 Padded Archer Armor
20:21 Scale Barding Armor
20:30 Gold Mining
22:32 Arson
23:13 Bow Saw
23:02 Town Watch
23:48 Town Watch
26:06 Scale Mail Armor
29:05 Squires
29:27 Heavy Plow
29:05 Light Cavalry
29:49 Husbandry
30:20 Ballistics
30:24 Gambesons
31:17 Iron Casting
32:15 Bloodlines
34:27 Chain Barding Armor
34:03 Bodkin Arrow
34:23 Leather Archer Armor
34:27 Chain Mail Armor
40:50 Imperial Age
39:54 Town Patrol
Dovahkyn
5:10 Loom
12:42 Feudal Age
15:30 Wheelbarrow
18:19 Castle Age
16:28 Horse Collar
16:44 Double-Bit Axe
19:47 Heavy Plow
27:48 Caravan
29:06 Fortified Wall
30:05 Gold Mining
30:08 Stone Mining
33:25 Imperial Age
30:43 Town Watch
31:52 Fletching
32:03 Padded Archer Armor
33:24 Gold Shaft Mining
33:34 Ballistics
32:59 Treadmill Crane
35:17 Chemistry
35:04 Conscription
35:29 Coinage
35:32 Yeomen
36:44 Elite Longbowman
38:05 Hand Cart
38:20 Bow Saw
41:18 Warwolf
zamithdaniel
11:29 Feudal Age
17:02 Castle Age
15:33 Double-Bit Axe
15:38 Horse Collar
25:28 Gold Mining
26:07 Stone Mining
27:08 Heavy Plow
27:23 Bow Saw
27:53 Gold Shaft Mining
29:09 Padded Archer Armor
29:20 Forging
29:16 Scale Barding Armor
29:14 Padded Archer Armor
33:11 Imperial Age
31:25 Loom
32:15 Wheelbarrow
31:26 Town Watch
33:57 Hand Cart
36:06 Conscription
35:48 Artillery
37:02 Elite Janissary
38:10 Town Patrol
39:39 Leather Archer Armor
40:00 Iron Casting
39:45 Chain Barding Armor
40:51 Ring Archer Armor
40:28 Husbandry
40:39 Bloodlines
Connection lost

Rejoining the realm…

Still unreachable

The connection could not be restored.

Session expired

The server has moved on; the page needs a fresh start.